 Dungeon Crawl Stone Soup version 0.17-a0-18-gc25b939 (webtiles) character file.

30 Pikaro the Chopper (level 3, 0/29 HPs)
             Began as a Formicid Abyssal Knight on Mar 8, 2015.
             Was a Follower of Lugonu.
             Succumbed to an adder's poison
             ... on level 2 of the Dungeon.
             The game lasted 00:02:24 (1562 turns).

Pikaro the Chopper (Formicid Abyssal Knight)        Turns: 1562, Time: 00:02:24

Health: 0/29       AC:  3    Str: 17    XL:     3   Next: 35%
Magic:  5/5        EV: 11    Int: 11    God:    Lugonu [*.....]
Gold:   103        SH:  0    Dex: 10    Spells: 0 memorised, 2 levels left

rFire  . . .     SeeInvis +     a - +1 hand axe
rCold  . . .     Clarity  .     b - +0 leather armour
rNeg   . . .     SustAb   .     (no shield)
rPois  .         Gourm    .     (helmet unavailable)
rElec  .         Spirit   .     (no cloak)
rCorr  .         Warding  .     (no gloves)
rMut   .         Stasis   +     (no boots)
MR     .....                    (no amulet)
Stlth  +.........               (no ring)
                                (no ring)

@: lethally poisoned (0 -> -11), not resistant to hostile enchantments, very
unstealthy
A: permanent stasis, dig shafts and tunnels, four strong arms, antennae 3
a: Dig, Shaft Self, Depart the Abyss, Renounce Religion


You were on level 2 of the Dungeon.
You worshipped Lugonu.
Lugonu was aware of your devotion.
You were very hungry.

You visited 1 branch of the dungeon, and saw 2 of its levels.
You visited the Abyss 1 time.

You collected 103 gold pieces.

Inventory:

Hand weapons
 a - a +1 hand axe (weapon)
Armour
 b - a +0 leather armour (worn)
Comestibles
 c - a bread ration
 d - a meat ration
 h - 3 fruits


   Skills:
 - Level 3.2 Fighting
 + Level 3.5 Axes
 - Level 2.1 Armour
 - Level 0.8 Dodging
 - Level 2.1 Invocations


You had 2 spell levels left.
You didn't know any spells.

Dungeon Overview and Level Annotations

Branches:
Dungeon (2/15)

Altars:


Innate Abilities, Weirdness & Mutations

You are under a permanent stasis effect.
You can dig through walls and to a lower floor.
Your four strong arms can wield two-handed weapons with a shield.
You have a pair of large antennae on your head (SInv).


Message History

You continue eating. x2
You see here a spear.
You sense a monster nearby.
A bat comes into view.
You hit the bat but do no damage. The bat hits you but does no damage.
The bat completely misses you. The bat closely misses you.
You miss the bat. The bat hits you.
You take 1 damage, and have 28/29 hp.
The bat barely misses you.
You slash the bat!
You kill the bat!
No target in view!
You start resting.
Health restored: 29; Total turns waited: 9 A kobold comes into view.
It is wielding a short sword.
The kobold shouts!
The kobold barely misses you.
You hit the kobold.
You kill the kobold!
No target in view!
No target in view!
You see here a short sword.
You sense a monster nearby.
No target in view!
An adder comes into view.
The adder moves out of view.
No target in view!
The adder bites you.
You take 1 damage, and have 28/29 hp.
Spoiler Alert: The adder is fast and can poison!
You miss the adder. The adder bites you. The adder barely misses you.
You take 5 damage, and have 23/29 hp.
You miss the adder. The adder barely misses you.
You miss the adder. The adder bites you.
You take 2 damage, and have 21/29 hp.
You hit the adder. The adder closely misses you. The adder bites you.
You are poisoned.
The adder poisons you!
You take 1 damage, and have 20/29 hp.
Spoiler Alert: The adder is fast and can poison!
You barely miss the adder.
You feel sick. The adder closely misses you.
You take 1 damage, and have 19/29 hp.
You barely miss the adder.
You feel sick. The adder bites you but does no damage.
The adder closely misses you.
You take 1 damage, and have 18/29 hp.
You miss the adder. The adder bites you but does no damage.
Spoiler Alert: The adder is fast and can poison!
You barely miss the adder. The adder bites you.
The adder bites you but does no damage.
You take 4 damage, and have 14/29 hp.
You hit the adder.
You feel sick. The adder bites you.
You take 3 damage, and have 11/29 hp.
You closely miss the adder. The adder bites you. The adder bites you.
You are more poisoned.
The adder poisons you!
You take 2 damage, and have 9/29 hp.
Spoiler Alert: The adder is fast and can poison!
You aren't carrying any potions.
You aren't carrying any potions.
Read which item? (? for menu, Esc to quit)
Okay, then.
Read which item? (? for menu, Esc to quit)
As you read the scroll labeled CYMUITHEPUA, it crumbles to dust.
Formicids cannot teleport.
It was a scroll of blinking.
* * * LOW HITPOINT WARNING * * *
You feel sick. The adder bites you.
* * * LOW HITPOINT WARNING * * *
You are more poisoned.
The adder poisons you!
You take 2 damage, and have 7/29 hp.
Spoiler Alert: The adder is fast and can poison!
Read which item? (? for menu, Esc to quit)
As you read the scroll labeled GETHU JUABEZXI, it crumbles to dust.
You feel a strange sense of stasis.
It was a scroll of teleportation.
* * * LOW HITPOINT WARNING * * *
You feel sick. The adder bites you.
* * * LOW HITPOINT WARNING * * *
You are more poisoned.
The adder poisons you!
You take 3 damage, and have 4/29 hp.
Spoiler Alert: The adder is fast and can poison!
Read which item? (? for menu, Esc to quit)
As you read the scroll labeled VEAPHISM BUVIH, it crumbles to dust.
You assume a fearsome visage.
The adder looks frightened!
It was a scroll of fear.
* * * LOW HITPOINT WARNING * * *
You feel sick.
You take 1 damage, and have 3/29 hp.
Spoiler Alert: The adder (fleeing) is fast and can poison!
You aren't carrying any potions.
Spoiler Alert: The adder (fleeing) is fast and can poison!
* * * LOW HITPOINT WARNING * * *
You feel sick.
You take 1 damage, and have 2/29 hp.
* * * LOW HITPOINT WARNING * * *
You feel sick.
You take 1 damage, and have 1/29 hp.
You die...

#.... #. #.#.# ##. ..
#.#.# .. .####.#.## .#
##. ...#....### #... ..
.........{ ..###### #.
#...# .........
....###.###.####.###.####
#.....@........# ...
....###.###.##.#.# #.# #.
##.##.#... #.# #.
#...#.#..# #.# #.
#.#.#)#..# #.#
#.##...#.#..# #.#
#........#..#####..
####...###..#.....# ##.##
#..#.###.#


There were no monsters in sight!

Vanquished Creatures
  An adder (D:2)
  2 giant cockroaches
  4 goblins
  A hobgoblin (D:1)
  4 kobolds
  3 bats
  2 giant newts (D:1)
  7 rats
24 creatures vanquished.

Notes
Turn   | Place    | Note
--------------------------------------------------------------
     0 | Abyss:1  | Pikaro, the Formicid Abyssal Knight, began the quest for the Orb.
     0 | Abyss:1  | Reached XP level 1. HP: 18/18 MP: 1/1
     0 | Abyss:1  | Found a corrupted altar of Lugonu.
    30 | Abyss:1  | Noticed a raiju
    33 | Abyss:1  | HP: 1/18 [raiju/living lightning (17)]
    34 | D:1      | Escaped the Abyss
   546 | D:1      | Acquired Lugonu's first power
   659 | D:1      | Reached XP level 2. HP: 18/24 MP: 3/3
   913 | D:1      | Reached skill level 3 in Axes
  1311 | D:2      | Reached XP level 3. HP: 19/29 MP: 5/5
  1557 | D:2      | HP: 7/29 [adder (1)]
  1559 | D:2      | HP: 3/29 [poisoned by an adder]
  1561 | D:2      | HP: 1/29 [poisoned by an adder]
  1562 | D:2      | Succumbed to an adder's poison

Action                   || total
-------------------------++-------
Melee: Hand axe          ||    67
Invok: Depart the Abyss  ||     1
  Use: Scroll            ||     3
  Eat: Chunk             ||     1

Vault maps used:
D:1:      saegor_arrival_simple_c
D:2:      st_stairs_11

Table legend:
 A = Turns spent in this place as a percentage of turns spent in the entire game.
 B = Non-inter-level travel turns spent in this place as a percentage of non-inter-level travel turns spent in the entire game.
 C = Inter-level travel turns spent in this place as a percentage of turns spent in this place.
 D = Turns resting spent in this place as a percentage of non-inter-level travel turns spent in this place.
 E = Turns spent auto-exploring this place as a percentage of non-inter-level travel turns spent in this place.
 F = Non-inter-level travel turns spent in this place divided by the number of levels of this place that you've seen.
                   A       B       C       D       E      F
               +-------+-------+-------+-------+-------+----------------------
         Total | 100.0 | 100.0 |   0.3 |   7.6 |  12.1 |  96.7
       Dungeon |  86.6 |  86.6 |   0.4 |   8.8 |  13.9 | 125.5
         Abyss |  13.4 |  13.4 |   0.0 |   0.0 |   0.0 |  39.0
               +-------+-------+-------+-------+-------+----------------------

Table legend:
 A = Kills in this place as a percentage of kills in entire the game.
 B = Kills by you in this place as a percentage of kills by you in the entire game.
 C = Kills by friends in this place as a percentage of kills by friends in the entire game.
 D = Other kills in this place as a percentage of other kills in the entire game.
 E = Experience gained in this place as a percentage of experience gained in the entire game.
 F = Experience gained in this place divided by the number of levels of this place that you have seen.
                   A       B       C       D       E      F
               +-------+-------+-------+-------+-------+----------------------
         Total | 100.0 | 100.0 |  -nan |  -nan | 100.0 |  14.3
       Dungeon | 100.0 | 100.0 |  -nan |  -nan | 100.0 |  21.5
               +-------+-------+-------+-------+-------+----------------------
